 Dungeon Crawl Stone Soup version 0.17-a0-2055-gb4e23be (webtiles) character file.

88 Ijustatesigmund the Insei (level 4, -5/28 HPs)
             Began as an Octopode Transmuter on Oct 11, 2015.
             Killed from afar by tp1's ghost (9 damage)
             ... with a magic dart
             ... on level 3 of the Dungeon.
             The game lasted 00:07:12 (2877 turns).

Ijustatesigmund the Insei (Octopode Transmuter)     Turns: 2877, Time: 00:07:12

Health: -5/28      AC:  1    Str: 11    XL:     4   Next: 54%
Magic:  7/7        EV: 12    Int: 16    God:
Gold:   171        SH:  0    Dex: 12    Spells: 3 memorised, 1 level left

rFire  . . .     SeeInvis .       - Unarmed
rCold  . . .     Clarity  .     (no shield)
rNeg   . . .     SustAt   .     (helmet restricted)
rPois  .         Gourm    .     (no amulet)
rElec  .         Spirit   .     s - +2 ring of strength
rCorr  .         Warding  .     (no ring)
rMut   .         Stasis   .     (no ring)
MR     .....                    (no ring)
Stlth  +++.......               (no ring)
                                (no ring)
                                (no ring)
                                (no ring)

@: not resistant to hostile enchantments, fairly stealthy
A: almost no armour, amphibious, 8 rings, constrict 8, camouflage 1, gelatinous
body 1
a: no special abilities


You were on level 3 of the Dungeon.
You were not hungry.

You visited 1 branch of the dungeon, and saw 3 of its levels.

You collected 171 gold pieces.

Inventory:

Hand Weapons
 d - a +0 hunting sling
Missiles
 a - 28 arrows
 h - 2 tomahawks of dispersal (quivered)
 v - 68 stones
Jewellery
 s - a +2 ring of strength (left tentacle)
Wands
 r - a wand of draining (7)
Scrolls
 t - a scroll of remove curse
Potions
 e - a potion of might
 g - a potion of curing
 i - a potion of brilliance {unknown}
 j - a potion of lignification {unknown}
 l - a potion of magic {unknown}
 o - a potion of flight {unknown}
 p - a potion of poison {unknown}
 q - a potion of cure mutation {unknown}
Books
 b - a book of Changes

   Spells                             Type                      Level
   a - Beastly Appendage              Transmutation                1
   b - Sticks to Snakes               Transmutation                2
   c - Spider Form                    Transmutation/Poison         3
   d - Ice Form                       Ice/Transmutation            4
   e - Blade Hands                    Transmutation                5
Comestibles
 c - 4 bread rations
 f - a meat ration
 m - a fruit


   Skills:
 - Level 1.0 Fighting
 - Level 2.0 Dodging
 + Level 3.4 Stealth
 + Level 3.7 Unarmed Combat
 - Level 2.0 Spellcasting
 + Level 3.0 Transmutations
 + Level 0.5 Poison Magic


You had one spell level left.
You knew the following spells:

 Your Spells              Type           Power        Failure   Level  Hunger
a - Beastly Appendage     Trmt           ##....       8%          1    #......
b - Sticks to Snakes      Trmt           ##........   10%         2    ###....
c - Spider Form           Trmt/Pois      #.........   34%         3    ###....


Dungeon Overview and Level Annotations

Branches:
Dungeon (3/15)

Altars:

Annotations:
D:3 tp1's ghost, amateur DECj


Innate Abilities, Weirdness & Mutations

You cannot wear most types of armour.
You are amphibious.
You can wear up to eight rings at the same time.
You can use your tentacles to constrict eight enemies at once.
Your skin changes colour to match your surroundings (Stealth).
Your rubbery body absorbs attacks (AC +1).


Message History

Tp1's ghost casts a spell at you. The magic dart hits you!
You tentacle-slap tp1's ghost but do no damage.
Tp1's ghost is heavily damaged.
Tp1's ghost points at you and mumbles some strange words.
The magic dart hits you!
* * * LOW HITPOINT WARNING * * *
Read which item? (? for menu, Esc to quit)
Okay, then.
Drink which item? (? for menu, Esc to quit)
You feel better.
Tp1's ghost points at you and mumbles some strange words.
The magic dart hits you!
* * * LOW HITPOINT WARNING * * *
Tp1's ghost gestures at you while chanting.
The magic dart hits you!
* * * LOW HITPOINT WARNING * * *
Tp1's ghost gestures at you while chanting.
The magic dart hits you!
You die...

####'#(...###.#.#
#.(........ #.#..
..##.(.(...... .....
..##....?..... ####
+#+#.##.......... .
.#.#.##.W)......$ #
#.#.#.##..........
#.#.#.#........... #
#######.#.#.#@#.#.######
....................
#.##.##.#.#.#....#.
#.......#.#.#........
#.##.####.#.#.#..#.##
#.# #.#.#.#..#.# #.#
#.#.#.#..# #.# #.#.# #
#.# #######.####.#.. .
#..


You could see tp1's ghost.

Vanquished Creatures
  3 adders
  2 oozes (D:1)
  A worm (D:2)
  2 giant geckos
  9 hobgoblins
  2 jackals (D:1)
  6 bats
  3 giant cockroaches
  12 goblins
  3 kobolds
  8 rats
51 creatures vanquished.

Vanquished Creatures (collateral kills)
  A goblin (D:2)
  A giant newt (D:2)
2 creatures vanquished.

Grand Total: 53 creatures vanquished

Notes
Turn   | Place    | Note
--------------------------------------------------------------
     0 | D:1      | Ijustatesigmund the Octopode Transmuter began the quest for the Orb.
     0 | D:1      | Reached XP level 1. HP: 13/13 MP: 3/3
    16 | D:1      | Reached skill level 1 in Stealth
   319 | D:1      | Reached XP level 2. HP: 18/18 MP: 5/5
   323 | D:1      | Learned a level 2 spell: Sticks to Snakes
  1082 | D:1      | Reached XP level 3. HP: 20/23 MP: 6/6
  1200 | D:1      | Learned a level 3 spell: Spider Form
  2298 | D:2      | Reached XP level 4. HP: 28/28 MP: 7/7
  2635 | D:3      | Found a faded altar to an unknown god.
  2855 | D:3      | Noticed tp1's ghost (amateur DECj)
  2877 | D:3      | Killed from afar by tp1's ghost

Vault maps used:
D:1:      dpeg_arrival_lava_altar, grunt_decor_clamped, st_stairs_13,
          minmay_crystal_room
D:2:      first_bread, kennysheep_cross_room
D:3:      ecumenical_altar_1

Action                   |  1- 3 |  4- 6 || total
-------------------------+-------+-------++-------
Melee: Unarmed           |    80 |    24 ||   104
 Fire: Hunting sling     |     6 |    17 ||    23
 Cast: Sticks to Snakes  |       |     2 ||     2
  Use: Scroll            |     7 |       ||     7
       Potion            |       |     3 ||     3
 Stab: Sleeping          |     7 |     4 ||    11
       Distracted        |     1 |       ||     1
  Eat: Chunk             |     4 |     1 ||     5
       Fruit             |       |     1 ||     1
